 Dungeon Crawl Stone Soup version 0.28.0-53-g5a82cb258f (webtiles) character file.

Game seed: 6301798979314841210

50 MiltankisOP the Sneak (level 3, 0/18 HPs)
             Began as a Vine Stalker Brigand on June 19, 2022.
             Slain by Grinder (6 damage)
             ... on level 3 of the Dungeon.
             The game lasted 00:05:14 (2091 turns).

MiltankisOP the Sneak (Vine Stalker Brigand)        Turns: 2091, Time: 00:05:15

Health: 0/18       AC:  4    Str: 13    XL:     3   Next: 79%
Magic:  0/4        EV: 11    Int: 11    God:
Gold:   37         SH:  0    Dex: 17    Spells: 2/2 levels left

rFire   . . .      SeeInvis .   a - +2 dagger
rCold   . . .      Faith    .   (no shield)
rNeg    . . .      Spirit   +   b - +0 robe
rPois   .          Reflect  .   (no helmet)
rElec   .          Harm     .   c - +0 cloak
rCorr   .          Rampage  .   h - +0 pair of gloves
Will    .....                   (no boots)
Stlth   ++++......              (no amulet)
HPRegen 0.06/turn               (no ring)
MPRegen 0.09/turn               (no ring)

@: no status effects
A: fangs 2, magic shield, antimagic bite, no potion heal 2
a: no special abilities


You were on level 3 of the Dungeon.
You visited 1 branch of the dungeon, and saw 3 of its levels.

You collected 37 gold pieces.

Inventory:

Hand Weapons
 a - a +2 dagger (weapon)
Missiles
 e - 2 curare-tipped darts (quivered)
 l - 4 datura-tipped darts
 q - a throwing net
Armour
 b - a +0 robe (worn)
 c - a +0 cloak (worn)
 h - a +0 pair of gloves (worn)
Scrolls
 f - 3 scrolls of identify {unknown}
 g - a scroll of summoning {unknown}
 m - a scroll of enchant weapon {unknown}
 n - a scroll of fog {unknown}
 o - a scroll of enchant armour {unknown}
Potions
 i - a potion of ambrosia {unknown}
 j - a potion of curing {unknown}
 k - a potion of haste {unknown}
 p - a potion of mutation {unknown}


   Skills:
 - Level 1.7 Fighting
 - Level 1.7 Short Blades
 - Level 1.7 Throwing
 - Level 0.7 Dodging
 + Level 6.7 Stealth


You had 2 spell levels left.
You didn't know any spells.
Your spell library contained the following spells:

 Spells                   Type           Power      Damage    Failure   Level
 Gell's Gravitas          Tloc           0%         N/A       71%         3
 Lesser Beckoning         Tloc           0%         N/A       71%         3
 Teleport Other           Tloc           0%         N/A       71%         3


Dungeon Overview and Level Annotations

Branches:
Dungeon (3/15)

Altars:
The Shining One

Shops:
D:1 =:[[

Annotations:
D:3 Grinder


Innate Abilities, Weirdness & Mutations

You have extremely sharp teeth.
When hurt, damage is shared between your health and your magic reserves.
Your bite disrupts and absorbs the magic of your enemies.
Potions cannot restore your health.


Message History

You resist with significant effort.
You hit Grinder. Your bite misses Grinder.
Grinder is lightly wounded.
Grinder barely misses you.
You hit Grinder.
Grinder is lightly wounded.
Grinder closely misses you.
You closely miss Grinder.
Grinder is lightly wounded.
You closely miss Grinder. Your bite misses Grinder.
Grinder is lightly wounded.
Grinder gestures at you. You resist with significant effort.
You hit Grinder. Your bite misses Grinder.
Grinder is lightly wounded.
Grinder gestures at you.
You suddenly lose the ability to move!
Grinder hits you! Grinder hits you but does no damage.
You can move again.
You hit Grinder.
Grinder is lightly wounded.
Grinder gestures at you. You resist with significant effort.
You hit Grinder but do no damage.
Grinder is lightly wounded.
Grinder gestures at you. Pain shoots through your body!
You hit Grinder. You bite Grinder.
Grinder's magic leaks into the air.
You drain her magic.
You feel invigorated.
Grinder is lightly wounded.
Grinder misses you.
You hit Grinder. You bite Grinder.
Grinder's magic leaks into the air.
You drain her magic.
You feel invigorated.
Grinder is moderately wounded.
Grinder hits you.
You writhe in agony.
You hit Grinder but do no damage.
Grinder is moderately wounded.
Grinder hits you!
You die...

#...#(#.# #....##.####
#####(#.# ##..........
### #(#.. ...#....####
..# #.### ##..### #.# #.#
#..# #.# #(# #..# #.# #.#
#..###### #.#####5#
#(....... #......@#
##.###### #..###### #.#
##..# #.#
#...##############.######
#.........(..............
#...###.........#########
###.###.######### #.....#
#######


You could see Grinder (magic disrupted).

Vanquished Creatures
  A worm (D:2)
  3 dart slugs (D:1)
  8 bats
  2 endoplasms
  4 goblins (D:1)
  3 hobgoblins (D:1)
  4 jackals
  2 kobolds
  2 quokkas
  4 ball pythons
  3 frilled lizards (D:1)
  5 rats
41 creatures vanquished.

Notes
Turn   | Place    | Note
-------+----------+-------------------------------------------
     0 | D:1      | MiltankisOP the Vine Stalker Brigand began the quest for
                  | the Orb.
     0 | D:1      | Reached XP level 1. HP: 11/11 MP: 2/2
    44 | D:1      | Reached skill level 5 in Stealth
   216 | D:1      | Reached XP level 2. HP: 15/15 MP: 3/3
   288 | D:1      | Found Bemmoexa's Armour Shoppe.
   480 | D:1      | Found Xaucyrang's Jewellery Emporium.
   568 | D:1      | Found Wideq's Book Emporium.
   690 | D:1      | Found Eniodwoe's Antique Armour Shoppe.
   697 | D:1      | Found a faded altar of an unknown god.
   756 | D:1      | Reached skill level 6 in Stealth
   820 | D:1      | Reached XP level 3. HP: 18/18 MP: 4/4
  1422 | D:2      | Found a glowing golden altar of the Shining One.
  1749 | D:3      | Noticed Grinder
  1786 | D:3      | Paralysed by Grinder for 3 turns
  1934 | D:3      | Paralysed by Grinder for 6 turns
  2084 | D:3      | Paralysed by Grinder for 2 turns
  2091 | D:3      | Slain by Grinder

Illustrated notes

Levels and vault maps discovered:
D:1:      dpeg_arrival_arbitrary_b, layout_loops_ring, basic_ecumenical_altar,
          serial_shops, nicolae_shop_window_shopping, shop, shop,
          nicolae_square_shop, serial_forest, infiniplex_forest_corner_1,
          infiniplex_forest_lined_ring, infiniplex_forest_lined_3,
          infiniplex_forest_lined_3, infiniplex_forest_fountain,
          infiniplex_forest_clump_double, infiniplex_forest_clump_tiny,
          infiniplex_forest_lined_room_3, infiniplex_forest_straight_5,
          nrook_mini_vaults
D:2:      layout_rooms, basic_altar
D:3:      layout_loops_ring, mainiacjoe_overflow_brackets, uniq_pargi,
          uniq_grinder, uniq_sigmund

Skill      XL: |  1  2 |
---------------+-------+-----
Stealth        | 5 6 |  6.7
Fighting       | |  1.7
Short Blades   | |  1.7
Throwing       | |  1.7
Dodging        | |  0.7

Action                   || total
-------------------------++-------
Melee: Dagger            ||   100
       Bite              ||    26
       Punch             ||     1
Throw: Dart              ||    15
 Stab: Sleeping          ||    17
Armor: Robe              ||    20
Dodge: Dodged            ||    44
